 Dungeon Crawl Stone Soup version 0.32-a0-918-g0f22ef8d61 (webtiles) character file.

Game seed: 12269261268646204081

2981 zazu2006 the Blocker (level 9, -5/71 HPs)
             Began as a Gnoll Wanderer on Apr 11, 2024.
             Was a Believer of Vehumet.
             Killed from afar by a steam dragon (20 damage)
             ... with a ball of steam
             ... on level 8 of the Dungeon.
             The game lasted 00:20:22 (3541 turns).

zazu2006 the Blocker (Gnoll Wanderer)               Turns: 3541, Time: 00:20:23

Health: -5/71      AC:  6    Str: 15    XL:     9   Next: 83%
Magic:  12/17      EV: 11    Int: 12    God:    Vehumet [**....]
Gold:   349        SH:  8    Dex: 16    Spells: 10/19 levels left

rFire   . . .        j - +4 mace "Seeng" {elec, rN+ Str+4}
rCold   + . .        d - +2 buckler
rNeg    + + .        b - +0 ring mail
rPois   .            (no helmet)
rElec   .            (no cloak)
rCorr   .            (no gloves)
SInv    .            (no boots)
Will    .....        (no amulet)
Stlth   ++           k - ring of protection from cold
HPRegen 0.31/turn    t - ring of positive energy
MPRegen 0.15/turn

%: no passive effects
@: no status effects
A: fangs 1, strong nose, distributed training
a: Renounce Religion


You were on level 8 of the Dungeon.
You worshipped Vehumet.
Vehumet was pleased with you.
You visited 1 branch of the dungeon, and saw 8 of its levels.

You collected 389 gold pieces.
You spent 40 gold pieces at shops.

Inventory:

Hand Weapons
 e - a +1 whip of electrocution
 j - the +4 mace "Seeng" (weapon) {elec, rN+ Str+4}
   (You found it on level 2 of the Dungeon)

   Str+4:     It affects your strength (+4).
   rN+:       It protects you from negative energy.
Missiles
 n - 12 poisoned darts
 u - a curare-tipped dart
 w - a throwing net
Armour
 b - a +0 ring mail (worn)
 d - a +2 buckler (worn)
Jewellery
 k - a ring of protection from cold (left hand)
 t - a ring of positive energy (right hand)
Scrolls
 l - a scroll of blinking
 q - a scroll of vulnerability {unknown}
 r - 3 scrolls of enchant weapon
 v - a scroll of enchant armour {unknown}
Potions
 a - 2 potions of haste
 f - 2 potions of brilliance {unknown}
 g - 3 potions of curing
 h - a potion of might {unknown}
 i - a potion of magic {unknown}
 p - a potion of mutation {unknown}
 s - a potion of enlightenment {unknown}


   Skills:
 + Level 6.7 Fighting
 + Level 4.8 Short Blades
 + Level 4.8 Long Blades
 + Level 4.8 Axes
 + Level 4.8 Maces & Flails
 + Level 4.8 Polearms
 + Level 4.8 Staves
 + Level 4.8 Ranged Weapons
 + Level 4.8 Throwing
 + Level 8.2 Armour
 + Level 4.8 Dodging
 + Level 4.8 Stealth
 + Level 8.2 Shields
 + Level 4.8 Unarmed Combat
 + Level 5.6 Spellcasting
 + Level 4.0 Conjurations
 + Level 4.0 Hexes
 + Level 4.0 Summonings
 + Level 4.0 Necromancy
 + Level 4.0 Translocations
 + Level 4.0 Fire Magic
 + Level 4.5 Ice Magic
 + Level 4.0 Air Magic
 + Level 4.0 Earth Magic
 + Level 4.0 Alchemy
 + Level 5.3 Invocations
 + Level 4.8 Evocations
 + Level 4.3 Shapeshifting


You had 10 spell levels left.
You knew the following spells:

 Your Spells              Type           Power      Damage    Failure   Level
a - Freeze                Ice            56%        1d7       6%          1
b - Iskenderun's Mystic Conj/Tloc 12%            2d5        (+2d2     63%         4
c - Foxfire               Conj/Fire      48%        2x1d6     9%          1
d - Stone Arrow           Conj/Erth      24%        3d8       24%         3

Your spell library contained the following spells:

 Spells                   Type           Power      Damage    Failure   Level
 Frozen Ramparts          Ice            28%        1d5       19%         3
 Dazzling Flash           Conj/Hex       24%        N/A       24%         3
 Tukima's Dance           Hex            12%        N/A       24%         3
 Cause Fear               Hex            6%         N/A       63%         4
 Dimensional Bullseye     Hex/Tloc       6%         N/A       63%         4
 Ignition                 Fire           6%         3d4       100%        8


Dungeon Overview and Level Annotations

Branches:
Dungeon (8/15)             Temple (0/1) D:6
   Lair: D:8-11

Altars:
Cheibriados
Gozag
Nemelex Xobeh
Vehumet
Yredelemnul
Beogh

Shops:
D:4 !

Annotations:
D:4 3 runed translucent doors, Ruich's ghost, amateur DjAl


Innate Abilities, Weirdness & Mutations

You have very sharp teeth.
Your uncanny sense of smell can sniff out nearby items.
Your experience applies equally to all skills.


Message History

The steam dragon breathes steam at you. The ball of steam hits you!
Casting: Foxfire (safe; 9% risk of failure)
Confirm with . or Enter, or press ? or * to list all spells.
You conjure some foxfire!
You are engulfed in a cloud of scalding steam.
The foxfire hits the steam dragon.
The steam dragon is moderately wounded.
The foxfire hits the steam dragon but does no damage.
The steam dragon is moderately wounded.
The foxfire hits the steam dragon.
The steam dragon is moderately wounded.
The foxfire hits the steam dragon but does no damage.
The steam dragon is moderately wounded.
There is a stone staircase leading down here.
Casting: Foxfire (safe; 9% risk of failure)
Confirm with . or Enter, or press ? or * to list all spells.
You conjure some foxfire!
The steam dragon breathes steam at you. The ball of steam hits you!
The ball of steam hits your foxfire.
Your foxfire resists.
Your magical contamination has completely faded away.
The foxfire hits the steam dragon but does no damage.
The steam dragon is moderately wounded.
The foxfire hits the steam dragon.
The steam dragon is heavily wounded.
You barely miss the steam dragon.
The steam dragon is heavily wounded.
The steam dragon bites you. You block the steam dragon's attack.
The steam dragon breathes steam at you. The ball of steam hits you!!
* * * LOW HITPOINT WARNING * * *
Unknown command.
The steam dragon misses you. You block the steam dragon's attack.
You hit the steam dragon but do no damage.
Lightning courses through the steam dragon!
The steam dragon is almost dead.
The steam dragon breathes steam at you. The ball of steam hits you!!
You die...

.....D..Y# #...... .. ..######[#
#.<...# Y .#######.####.....## .#
. #...#÷#.........##### .$
.###.#.................### #.
...#.....#............... #.
##.##.#.#####..........# #.
......#.#####..D.§§###.## #>
##.........<...§@§.#)#..## #.
##.####.####..###..###...#######.
.....##.# #..# #................
.....##Y# #..###.##..##########.
........# #.........## #Y
.....######.#.###.##Y# #.
.....D.Y§..###....##.###########.
##.########.#.######...Y.......†.
#.# ##.## ##############


You could see a steam dragon (catching breath).

Vanquished Creatures
  Prince Ribbit (D:6)
  6 yaks (D:8)
  Eustachio (D:6)
  2 black bears
  An ogre (D:6)
  2 phantoms (D:5)
  3 bullfrogs
  2 kobold brigands
  A gnoll sergeant (D:7)
  7 wights
  A howler monkey (D:6)
  3 orc priests
  3 bombardier beetles
  2 jellies
  4 iguanas
  2 sleepcaps
  4 orc wizards
  A howler monkey zombie (D:4)
  3 adders
  3 gnolls (D:7)
  2 shadow imps
  A white imp (D:6)
  An adder zombie (D:4)
  A dart slug (D:4)
  A ribbon worm (D:3)
  19 orcs
  2 ball pythons
  2 endoplasms
  A giant cockroach (D:1)
  7 goblins
  2 hobgoblins
  4 jackals (D:4)
  2 quokkas
  2 bats (D:3)
  2 frilled lizards
  8 kobolds
  A rat (D:1)
110 creatures vanquished.

Vanquished Creatures (others)
  22 foxfires (D:8)
22 creatures vanquished.

Grand Total: 132 creatures vanquished

Notes
Turn   | Place    | Note
-------+----------+-------------------------------------------
     0 | D:1      | zazu2006 the Gnoll Wanderer began the quest for the Orb.
     0 | D:1      | zazu2006 set off with the following items: a +0 dagger, a
                  | +0 ring mail, a potion of heal wounds, a +2 buckler; and
                  | the following spell memorised: Freeze; and the following
                  | spells available to memorise: Frozen Ramparts.
     0 | D:1      | Reached XP level 1. HP: 20/20 MP: 4/4
    62 | D:1      | Reached XP level 2. HP: 23/26 MP: 5/5
   247 | D:2      | Found a radiant altar of Vehumet.
   255 | D:2      | Reached XP level 3. HP: 31/31 MP: 7/7
   256 | D:2      | Identified the +4 mace "Seeng" {elec, rN+ Str+4}
   264 | D:2      | Became a worshipper of Vehumet
   373 | D:3      | Noticed a black bear
   379 | D:3      | Killed a black bear
   380 | D:3      | Reached skill level 1 in Short Blades
   380 | D:3      | Reached skill level 1 in Long Blades
   380 | D:3      | Reached skill level 1 in Axes
   380 | D:3      | Reached skill level 1 in Maces & Flails
   380 | D:3      | Reached skill level 1 in Polearms
   380 | D:3      | Reached skill level 1 in Staves
   380 | D:3      | Reached skill level 1 in Ranged Weapons
   380 | D:3      | Reached skill level 1 in Throwing
   380 | D:3      | Reached skill level 1 in Dodging
   380 | D:3      | Reached skill level 1 in Stealth
   380 | D:3      | Reached skill level 1 in Unarmed Combat
   380 | D:3      | Reached skill level 1 in Conjurations
   380 | D:3      | Reached skill level 1 in Hexes
   380 | D:3      | Reached skill level 1 in Summonings
   380 | D:3      | Reached skill level 1 in Necromancy
   380 | D:3      | Reached skill level 1 in Translocations
   380 | D:3      | Reached skill level 1 in Fire Magic
   380 | D:3      | Reached skill level 1 in Air Magic
   380 | D:3      | Reached skill level 1 in Earth Magic
   380 | D:3      | Reached skill level 1 in Alchemy
   380 | D:3      | Reached skill level 1 in Invocations
   380 | D:3      | Reached skill level 1 in Evocations
   380 | D:3      | Reached skill level 1 in Shapeshifting
   380 | D:3      | Reached XP level 4. HP: 23/38 MP: 8/8
   380 | D:3      | Reached XP level 5. HP: 26/43 MP: 9/9
   438 | D:3      | Found a roughly hewn altar of Beogh.
   523 | D:4      | Reached * piety under Vehumet
   523 | D:4      | Offered knowledge of Sandblast by Vehumet.
   524 | D:4      | Reached XP level 6. HP: 35/50 MP: 9/11
   552 | D:4      | Reached skill level 5 in Fighting
   886 | D:4      | Found Acizxaig's Distillery.
   902 | D:4      | Bought a potion of degeneration for 10 gold pieces
   902 | D:4      | Bought a potion of curing for 30 gold pieces
   924 | D:4      | Found a runed translucent gate.
   924 | D:4      | Found a runed translucent gate.
   924 | D:4      | Found a runed translucent gate.
   924 | D:4      | Noticed Ruich's ghost (amateur DjAl)
   928 | D:4      | Found a basalt altar of Yredelemnul.
   995 | D:4      | Reached XP level 7. HP: 54/54 MP: 12/12
  1154 | D:5      | Entered Level 5 of the Dungeon
  1548 | D:5      | Reached XP level 8. HP: 54/63 MP: 14/14
  1565 | D:6      | Offered knowledge of Mercury Vapours by Vehumet.
  1589 | D:6      | Found a staircase to the Ecumenical Temple.
  1611 | D:5      | Reached ** piety under Vehumet
  1617 | D:5      | Learned a level 4 spell: Iskenderun's Mystic Blast
  1683 | D:6      | Found a sparkling altar of Nemelex Xobeh.
  1770 | D:6      | Noticed Prince Ribbit
  1785 | D:6      | Killed Prince Ribbit
  1999 | D:6      | Found a radiant altar of Vehumet.
  2008 | D:6      | Noticed Eustachio
  2048 | D:6      | Killed Eustachio
  2181 | D:6      | Reached XP level 9. HP: 26/69 MP: 16/16
  2230 | D:6      | Reached skill level 5 in Spellcasting
  2410 | D:7      | Found a snail-covered altar of Cheibriados.
  2434 | D:7      | Got the Compilation of the Doomed Torch
  2450 | D:7      | Learned a level 1 spell: Foxfire
  2546 | D:7      | Found an opulent altar of Gozag.
  3032 | D:8      | Reached skill level 5 in Invocations
  3042 | D:8      | Offered knowledge of Stone Arrow by Vehumet.
  3528 | D:8      | Learned a level 3 spell: Stone Arrow
  3541 | D:8      | Killed from afar by a steam dragon

Illustrated notes

Levels and vault maps discovered:
D:1:      sevenhm_arrival_forest_fort_small_6, layout_basic,
          minmay_misc_feat_tiny, grunt_decor_resistance
D:2:      layout_loops_ring, basic_altar, dreamdust_ecumenical_altar_statues
D:3:      layout_basic, fedhas_altar_fruit_tree, chequers_avenue,
          kennysheep_orc_chapel
D:4:      layout_rooms, nicolae_yredelemnul_ghost_church, serial_shops, shop
D:5:      layout_gridville, nicolae_nh_oracle_at_delphi
D:6:      layout_cave_pools, fiery_altar_vehumet, nemelex_diamond_rough_becter,
          minmay_temple_entry_junction, centaur_isle, uniq_eustachio,
          uniq_prince_ribbit1
D:7:      layout_loops_ring, slow_altar_1, grunt_gozag_breadcrumbs,
          serial_shops, nicolae_square_shop
D:8:      layout_loops_ring, dk_noncrumbling_2, nicolae_two_hexagons,
          serial_bayou_lagoon_a, moated_statue, item_on_display_a

Skill      XL: |  1  2  3  4  5  6  7  8  9 |
---------------+----------------------------+-----
Ice Magic      | 2 3 4 |  4.5
Short Blades   | 1 2 3 4 |  4.8
Long Blades    | 1 2 3 4 |  4.8
Axes           | 1 2 3 4 |  4.8
Maces & Flails | 1 2 3 4 |  4.8
Polearms       | 1 2 3 4 |  4.8
Staves         | 1 2 3 4 |  4.8
Ranged Weapons | 1 2 3 4 |  4.8
Throwing       | 1 2 3 4 |  4.8
Dodging        | 1 2 3 4 |  4.8
Stealth        | 1 2 3 4 |  4.8
Unarmed Combat | 1 2 3 4 |  4.8
Spellcasting   | 3 4 5 |  5.6
Conjurations   | 1 2 3 4 |  4.0
Hexes          | 1 2 3 4 |  4.0
Summonings     | 1 2 3 4 |  4.0
Necromancy     | 1 2 3 4 |  4.0
Translocations | 1 2 3 4 |  4.0
Fire Magic     | 1 2 3 4 |  4.0
Air Magic      | 1 2 3 4 |  4.0
Earth Magic    | 1 2 3 4 |  4.0
Alchemy        | 1 2 3 4 |  4.0
Invocations    | 1 2 3 4 5 |  5.3
Evocations     | 1 2 3 4 |  4.8
Shapeshifting  | 1 2 3 4 |  4.3
Fighting       | 5 6 |  6.7
Armour         | 7 8 |  8.2
Shields        | 7 8 |  8.2

Action                     |  1- 3 |  4- 6 |  7- 9 || total
---------------------------+-------+-------+-------++-------
  Melee: Dagger            |    15 |       |       ||    15
         Whip              |    29 |       |       ||    29
         Bite              |     4 |     9 |    31 ||    44
         Mace              |    11 |    85 |   268 ||   364
  Throw: Dart              |       |       |     6 ||     6
   Cast: Freeze            |       |       |     2 ||     2
         Foxfire           |       |       |    15 ||    15
  Evoke: Wand              |       |       |    14 ||    14
    Use: Scroll            |       |     1 |     5 ||     6
         Potion            |       |       |     5 ||     5
   Stab: Sleeping          |       |     1 |     1 ||     2
 Armour: Ring mail         |    35 |    49 |   213 ||   297
  Dodge: Dodged            |    15 |    31 |   160 ||   206
  Block: Buckler           |    21 |    34 |   145 ||   200

Table legend: (Time is in decaauts)
 A = Elapsed time spent in this place.
 B = Non-inter-level travel time spent in this place.
 C = Inter-level travel time spent in this place.
 D = Time resting spent in this place.
 E = Time spent auto-exploring this place.
 F = Levels seen in this place.
 G = Mean time per level.
                   A        B        C        D        E       F      G
               +--------+--------+--------+--------+--------+-----+--------+
         Total |   3613 |   3496 |    117 |    956 |     41 |   8 |  451.6 |
       Dungeon |   3613 |   3496 |    117 |    956 |     41 |   8 |  451.6 |
               +--------+--------+--------+--------+--------+-----+--------+

Top non-repeatable levels by time:
     D:7: 914 daAuts
     D:5: 599 daAuts
     D:6: 544 daAuts
     D:4: 466 daAuts
     D:3: 449 daAuts
     D:8: 354 daAuts
     D:1: 205 daAuts
     D:2: 79 daAuts
